 Dungeon Crawl Stone Soup version 0.28-a0-973-ga7f8b01127 (webtiles) character file.

Game seed: 7351170952190179730

609684 browni3141 the Blinker (level 27, -7/315 HPs)
             Began as a Barachi Monk on Dec 2, 2021.
             Was the Champion of Cheibriados.
             Killed from afar by a storm dragon (13 damage)
             ... with a bolt of lightning
             ... on level 4 of the Realm of Zot.
             The game lasted 03:41:10 (89521 turns).

browni3141 the Blinker (Barachi Monk)              Turns: 89521, Time: 03:41:10

Health: -7/315     AC: 34    Str: 35    XL:     27
Magic:  26/39      EV: 32    Int: 26    God:    Cheibriados [******]
Gold:   8406       SH:  0    Dex: 44    Spells: 23/51 levels left

rFire   + . .      SeeInvis +   a - +9 great sword (flame)
rCold   + + +      Faith    .   (shield currently unavailable)
rNeg    + + .      Spirit   .   S - +6 ice dragon scales
rPois   +          Reflect  .   K - +2 helmet {SInv}
rElec   +          Harm     +   D - +2 cloak
rCorr   .          Rampage  .   m - +0 pair of gloves "Ted Kia" {-Tele Harm rF++ rN+}
Will    ++++.      NoTele   +   w - +2 pair of boots {Fly}
Stlth   ..........              H - amulet "Keplihy" {RegenMP Contam rPois Str+4 Int+2}
HPRegen 0.62/turn               A - ring of Vodka {rPois rN+ Will++ Int-2}
MPRegen 0.66/turn               B - ring "Qucuff" {Wiz rElec rC+ Dex+4 Slay+2}

@: berserking, marked, unable to hop, flying, very slow
A: amphibious, slowness 1, strong legs 2, +LOS
}: 3/15 runes: barnacled, silver, gossamer
a: Hop, Renounce Religion, Bend Time, Temporal Distortion, Slouch, Step From
Time


You were on level 4 of the Realm of Zot.
You worshipped Cheibriados.
Cheibriados was exalted by your worship.
You visited 10 branches of the dungeon, and saw 48 of its levels.
You also visited: Ossuary, Bailey and Ice Cave.

You collected 11112 gold pieces.
You spent 2706 gold pieces at shops.

Inventory:

Hand Weapons
 a - a +9 great sword of flaming (weapon)
 b - a +9 longbow of flaming
Missiles
 y - 1034 arrows
 T - 13 throwing nets (quivered)
Armour
 m - the +0 pair of gloves "Ted Kia" (worn) {-Tele Harm rF++ rN+}
   (You found it on level 15 of the Dungeon)

   rF:        It greatly protects you from fire.
   rN:        It protects you from negative energy.
   -Tele:     It prevents most forms of teleportation.
   Harm:      It increases damage dealt and taken.
 w - a +2 pair of boots of flying (worn)
 C - the +4 pair of gloves of Dithmenos {Slay+2 Stlth+}
   (You found it on level 14 of the Dungeon)

   Slay:      It affects your accuracy & damage with ranged weapons and melee
   (+2).
   Stlth:     It makes you more stealthy.
 D - a +2 cloak (worn)
 K - a +2 helmet of see invisible (worn)
 S - +6 ice dragon scales (worn)
Jewellery
 n - the ring of Liemon {Dex+6 Slay+2}
   (You found it on level 12 of the Dungeon)

   [ring of dexterity]

   Dex:       It affects your dexterity (+6).
   Slay:      It affects your accuracy & damage with ranged weapons and melee
   (+2).
 o - the ring "Faecoc" {rPois rCorr EV+4 Int-4 Dex+9}
   (You found it on level 15 of the Dungeon)

   [ring of evasion]

   EV:        It affects your evasion (+4).
   Int:       It affects your intelligence (-4).
   Dex:       It affects your dexterity (+9).
   rPois:     It protects you from poison.
   rCorr:     It protects you from acid and corrosion.
 A - the ring of Vodka (left hand) {rPois rN+ Will++ Int-2}
   (You took it off a merfolk aquamancer on level 4 of the Shoals)

   [ring of positive energy]

   Int:       It affects your intelligence (-2).
   rPois:     It protects you from poison.
   rN:        It protects you from negative energy.
   Will:      It greatly increases your willpower.
 B - the ring "Qucuff" (right hand) {Wiz rElec rC+ Dex+4 Slay+2}
   (You found it on level 5 of the Dungeon)

   [ring of wizardry]

   It improves your spell success rate.
   Dex:       It affects your dexterity (+4).
   Slay:      It affects your accuracy & damage with ranged weapons and melee
   (+2).
   rC:        It protects you from cold.
   rElec:     It insulates you from electricity.
 E - a ring of positive energy
 H - the amulet "Keplihy" (around neck) {RegenMP Contam rPois Str+4 Int+2}
   (You acquired it on level 1 of the Elven Halls)

   [amulet of magic regeneration]

   It increases your rate of magic regeneration.
   Str:       It affects your strength (+4).
   Int:       It affects your intelligence (+2).
   rPois:     It protects you from poison.
   Contam:    It causes magical contamination when unequipped.
Wands
 M - a wand of flame (12)
 Q - a wand of digging (18)
 W - a wand of iceblast (8)
 Y - a wand of acid (10)
Scrolls
 c - 9 scrolls of blinking
 d - 7 scrolls of fear
 e - 7 scrolls of magic mapping
 f - 2 scrolls of enchant weapon
 i - 5 scrolls of noise
 l - 18 scrolls of teleportation
 q - 3 scrolls of silence
 G - 18 scrolls of immolation
 L - 6 scrolls of fog
 O - 18 scrolls of amnesia
 R - a scroll of summoning
 V - 3 scrolls of torment
 X - 25 scrolls of identify
Potions
 g - 9 potions of curing
 h - 5 potions of magic
 k - 6 potions of invisibility
 r - 12 potions of mutation
 t - 9 potions of brilliance
 u - 3 potions of ambrosia
 v - 7 potions of lignification
 x - 3 potions of cancellation
 z - 3 potions of resistance
 J - 11 potions of flight
 N - 9 potions of might
 U - 9 potions of attraction
Miscellaneous
 p - a phantom mirror (inert)
 s - a phantom mirror (inert)
 I - a phantom mirror (inert)
 Z - a condenser vane


   Skills:
 - Level 15.8 Fighting
 - Level 20.0 Long Blades
 - Level 20.0 Bows
 - Level 16.2 Armour
 - Level 14.4 Dodging
 - Level 1.7 Stealth
 - Level 12.9 Spellcasting
 - Level 20.0 Translocations
 * Level 15.4 Air Magic
 - Level 14.3 Poison Magic
 - Level 19.7 Invocations


You had 23 spell levels left.
You knew the following spells:

 Your Spells              Type           Power      Damage    Failure   Level
a - Poisonous Vapours     Pois/Air       100%       N/A       0%          2
b - Mephitic Cloud        Conj/Pois/Air  62%        N/A       1%          3
c - Olgreb's Toxic Radia  Pois           74%        N/A       1%          4
d - Ignite Poison         Fire/Tmut/Pois 41%        N/A       1%          3
e - Manifold Assault      Tloc           88%        N/A       1%          5
f - Disjunction           Tloc           44%        N/A       4%          8
g - Portal Projectile     Hex/Tloc       100%       N/A       1%          3

Your spell library contained the following spells:

 Spells                   Type           Power      Damage    Failure   Level
 Apportation              Tloc           100%       N/A       0%          1
 Blink                    Tloc           100%       N/A       0%          2
 Lesser Beckoning         Tloc           88%        N/A       0%          3
 Sting                    Tmut/Pois      100%       1d8       1%          1
 Static Discharge         Conj/Air       54%        N/A       1%          2
 Spider Form              Tmut/Pois      52%        N/A       1%          3
 Airstrike                Air            38%        N/A       1%          4
 Iskenderun's Mystic Bla  Conj/Tloc      62%        2d13      1%          4
 Summon Lightning Spire   Summ/Air       54%        N/A       1%          4
 Summon Forest            Summ/Tloc      31%        N/A       1%          5
 Dispersal                Tloc           44%        N/A       1%          6
 Animate Skeleton         Necr           32%        N/A       2%          1
 Beastly Appendage        Tmut           32%        N/A       2%          1
 Freeze                   Ice            64%        1d8       2%          1
 Magic Dart               Conj           64%        1d6       2%          1
 Pain                     Necr           64%        1d7       2%          1
 Slow                     Hex            64%        N/A       2%          1
 Summon Small Mammal      Summ           64%        N/A       2%          1
 Lightning Bolt           Conj/Air       27%        1d43      2%          5
 Silence                  Hex/Air        27%        N/A       2%          5
 Call Imp                 Summ           16%        N/A       3%          2
 Ensorcelled Hibernation  Hex/Ice        32%        N/A       3%          2
 Passwall                 Tmut/Erth      13%        N/A       3%          2
 Scorch                   Fire           32%        2d7       3%          2
 Searing Ray              Conj           32%        2d5       3%          2
 Wereblood                Tmut           16%        N/A       3%          2
 Call Canine Familiar     Summ           16%        N/A       7%          3
 Confusing Touch          Hex            16%        N/A       7%          3
 Conjure Flame            Conj/Fire      16%        6-21      7%          3
 Dazzling Flash           Conj/Hex       32%        N/A       7%          3
 Ozocubu's Armour         Ice            16%        N/A       7%          3
 Tukima's Dance           Hex            16%        N/A       7%          3
 Vampiric Draining        Necr           16%        2d7       7%          3
 Freezing Cloud           Conj/Ice/Air   21%        6-21      8%          5
 Conjure Ball Lightning   Conj/Air       27%        3x3d8     16%         6
 Animate Armour           Summ/Erth      32%        N/A       22%         4
 Animate Dead             Necr           8%         N/A       22%         4
 Flame Wave               Conj/Fire      16%        2d5       22%         4
 Fulminant Prism          Conj/Hex       8%         3d7       22%         4
 Hailstorm                Conj/Ice       16%        3d6       22%         4
 Ice Form                 Ice/Tmut       16%        N/A       22%         4
 Sticky Flame             Conj/Fire      16%        2d4       22%         4
 Maxwell's Capacitive Co  Air            38%        ∞         26%         8
 Agony                    Necr           16%        N/A       52%         5
 Blade Hands              Tmut           8%         N/A       52%         5
 Borgnjor's Vile Clutch   Necr/Erth      8%         N/A       52%         5
 Excruciating Wounds      Necr           8%         N/A       52%         5
 Fireball                 Conj/Fire      8%         3d6       52%         5
 Irradiate                Conj/Tmut      8%         3d16      52%         5
 Iskenderun's Battlesphe  Conj           16%        2d7       52%         5
 Lee's Rapid Deconstruct  Erth           8%         3d8*      52%         5
 Summon Mana Viper        Hex/Summ       16%        N/A       52%         5
 Yara's Violent Unravell  Hex/Tmut       8%         3d5       52%         5
 Storm Form               Tmut/Air       27%        N/A       58%         7
 Death Channel            Necr           8%         N/A       96%         6
 Iron Shot                Conj/Erth      8%         9d3       96%         6
 Simulacrum               Ice/Necr       8%         N/A       96%         6
 Starburst                Conj/Fire      8%         6d4       96%         6
 Statue Form              Tmut/Erth      10%        N/A       96%         6
 Summon Cactus Giant      Summ           8%         N/A       96%         6
 Dragon Form              Tmut           8%         N/A       100%        7
 Orb of Destruction       Conj           8%         9d4       100%        7
 Ozocubu's Refrigeration  Ice            8%         4d6       100%        7
 Discord                  Hex            8%         N/A       100%        8
 Ignition                 Fire           8%         3d5       100%        8
 Infestation              Necr           8%         N/A       100%        8
 Necromutation            Tmut/Necr      8%         N/A       100%        8
 Polar Vortex             Ice            8%         N/A       100%        9


Dungeon Overview and Level Annotations

Branches:
Dungeon (15/15)            Temple (1/1) D:7            Lair (6/6) D:9
 Shoals (4/4) Lair:4       Spider (4/4) Lair:2        Slime (0/5) Lair:6
    Orc (2/2) D:9             Elf (3/3) Orc:2        Vaults (5/5) D:14
  Crypt (0/3) Vaults:2     Depths (4/4) D:15            Zot (4/5) Depths:4
Ossuary (visited)          Bailey (visited)           IceCv (visited)

Altars:
Ashenzari
Cheibriados
Dithmenos
Elyvilon
Fedhas
Gozag
Hepliaklqana
Kikubaaqudgha
Makhleb
Nemelex Xobeh
Okawaru
Qazlal
Ru
Sif Muna
Trog
Uskayaw
Vehumet
Wu Jian
Xom
Yredelemnul
Zin
The Shining One
Beogh

Shops:
D:4 *   Orc:1 **=   Orc:2 ?(**   Elf:1 [:=:   Vaults:1 :   Vaults:3 [
Depths:1 ([:?

Portals:
Hell: Depths:1 Depths:2 Depths:3 Depths:4
Abyss: Depths:2 Depths:3 Depths:4
Pandemonium: Depths:2 Depths:4
Ziggurat: Depths:4
Bazaar: D:11

Annotations:
D:4 2 transporters, MRpancake's ghost, amateur MiMo
Lair:1 exclusions: 2 burning bushes and 2 hydras
Depths:4 2 exclusions


Innate Abilities, Weirdness & Mutations

You are amphibious.
You cover ground slowly.
You can hop long distances.
You have an extended range of vision and can be seen from far away.


Message History

The tentacled monstrosity is severely wounded.
Unknown command.
You slice the tentacled monstrosity!! You burn the tentacled monstrosity!
The tentacled monstrosity is almost dead.
The storm dragon bites you but does no damage.
The storm dragon barely misses you.
The storm dragon tramples you but does no damage.
The tentacled monstrosity tentacle-slaps you but does no damage. x2
The tentacled monstrosity barely misses you.
The tentacled monstrosity constricts you.
* * * LOW HITPOINT WARNING * * *
You completely miss the tentacled monstrosity.
The tentacled monstrosity is almost dead.
The storm dragon bites you but does no damage.
The storm dragon claws you.
* * * LOW HITPOINT WARNING * * *
The storm dragon completely misses you.
The tentacled monstrosity tentacle-slaps you but does no damage.
The tentacled monstrosity tentacle-slaps you.
* * * LOW HITPOINT WARNING * * *
The tentacled monstrosity closely misses you.
The tentacled monstrosity constricts you!
* * * LOW HITPOINT WARNING * * *
You open the tentacled monstrosity like a pillowcase!!!
You burn the tentacled monstrosity.
You kill the tentacled monstrosity!
Cheibriados appreciates the change of pace.
The storm dragon completely misses you. x2
The storm dragon closely misses you.
Unknown command.
You hit the storm dragon. You burn the storm dragon.
The storm dragon is lightly wounded.
The storm dragon completely misses you. The storm dragon closely misses you.
The storm dragon barely misses you.
You chop the storm dragon into pieces!!!
You burn the storm dragon!
The storm dragon is severely wounded.
The storm dragon breathes lightning at you.
The bolt of lightning hits you! You resist.
You die...

...# #... ....# #.##
.....### ##.# ........
##..# #.....!. ##..##
#.....X #######..##
#.... #####
##.......##
#'''##..D####..#######
#...y..#.@.#..##
##########...## #####


You could see a storm dragon (catching breath).

Vanquished Creatures
  An orb of fire (Zot:1)
  An ancient lich (Vaults:5)
  A juggernaut (Depths:4)
  5 caustic shrikes
  Nikola (Shoals:2)
  14 golden dragons
  Jorgrun (Spider:2)
  8 liches
  13 tentacled monstrosities
  Mlioglotl (Spider:2)
  Rupert (D:14)
  5 titans
  A walking earthen tome (Depths:2)
  2 acid blobs (Depths:1)
  2 deep elf blademasters (Elf:3)
  2 walking divine tomes
  3 quicksilver dragons
  Polyphemus (Shoals:3)
  Kirke (Shoals:3)
  The ghost of Hadeweugop the Lord of Darkness, an adept DsNe of Kikubaaqudgha (Shoals:1)
  4 deep elf master archers (Elf:3)
  4 death cobs
  4 krakens (Shoals:1)
  9 shadow dragons
  7 sphinxes
  Donald (Orc:2)
  8 storm dragons
  10 tengu reavers
  Roxanne (Shoals:2)
  A thorn hunter (Depths:1)
  7 draconian monks
  8 draconian knights
  13 frost giants
  6 ghost moths
  6 deep elf sorcerers
  2 balrugs (Depths:1)
  23 vault wardens
  8 fire giants
  An orc warlord (Elf:2)
  The ghost of Obially the Blocker, a journeyman GnFi of Cheibriados (Lair:6)
  8 draconian shifters
  4 iron dragons
  A reaper (Depths:2)
  5 deep elf elementalists
  3 draconian stormcallers
  5 emperor scorpions (Spider:4)
  The ghost of browni3141 the Quickloader, a journeyman DgFi (D:15)
  9 draconian scorchers
  37 very ugly things
  15 ironbound preservers
  4 spriggan defenders
  2 caustic shrike skeletons (Depths:4)
  Nessos (Lair:6)
  12 stone giants
  4 draconian annihilators
  2 war gargoyles (Vaults:5)
  3 vampire knights (Depths:4)
  10 dire elephants
  13 green draconians
  3 deep elf demonologists
  13 white draconians
  5 deep elf annihilators
  15 black draconians
  6 entropy weavers
  5 red draconians
  5 yellow draconians
  11 purple draconians
  8 spark wasps
  13 ettins
  Josephine (Shoals:1)
  17 fire dragons
  2 crystal guardians (Vaults:4)
  6 merfolk javelineers
  19 merfolk impalers
  5 deep elf death magi
  10 deep elf high priests
  2 jiangshi (Depths:2)
  8 yaktaur captains
  14 ice dragons
  3 ironbound thunderhulks
  36 vault guards
  2 hell beasts (Depths:2)
  11 great orbs of eyes
  A caustic shrike simulacrum (IceCv)
  7 hydras
  An ice dragon (shapeshifter) (Depths:4)
  3 rakshasas
  5 boulder beetles
  3 catoblepae
  A peacekeeper (Vaults:4)
  2 ogre magi
  9 spriggan air magi
  11 ironbound frosthearts
  3 satyrs
  2 death knights (Vaults:2)
  Erica (Lair:2)
  5 merfolk avatars
  11 merfolk aquamancers
  25 dancing weapons
  11 centaur warriors
  7 tengu warriors
  2 alligator snapping turtles (Shoals:4)
  7 deep troll earth magi
  4 deep troll shamans
  5 vampire magi
  3 spriggan berserkers
  6 two-headed ogres
  An orc high priest (Orc:2)
  8 death yaks
  19 deep elf knights
  Nergalle (D:11)
  13 hell knights
  An iron troll (Depths:1)
  16 spriggans
  3 skeletal warriors (D:14)
  40 deep trolls
  A spark wasp zombie (Depths:4)
  11 lindwurms
  12 sea snakes
  2 flayed ghosts
  14 ironbound convokers
  A glowing orange brain (shapeshifter) (Depths:2)
  8 deep elf archers
  2 orange crystal statues (IceCv)
  16 wizards
  7 necromancers
  9 glowing orange brains
  16 orc knights
  20 orb spiders
  30 deep elf zephyrmancers
  7 phantasmal warriors
  A sphinx zombie (Vaults:4)
  43 harpies
  2 fire giant zombies (Vaults:1)
  6 oklob plants
  21 wolf spiders
  A wolf spider (shapeshifter) (Vaults:5)
  34 fauns
  33 deep elf pyromancers
  2 human zombies
  An iron dragon zombie (Vaults:4)
  9 orc sorcerers
  10 manticores
  81 ugly things
  A tengu skeleton (Vaults:1)
  28 moths of wrath
  12 merfolk sirens
  9 cyclopes
  A frost giant skeleton (Vaults:2)
  2 human skeletons
  7 elephants
  6 water nymphs
  3 torpor snails
  A stone giant skeleton (Vaults:2)
  2 black mambas
  16 vault sentinels
  2 gargoyles
  9 cane toads
  6 komodo dragons
  5 rime drakes
  An efreet (D:13)
  8 freezing wraiths
  A yaktaur skeleton (Vaults:1)
  45 yaktaurs
  An anaconda simulacrum (IceCv)
  19 demonic crawlers
  5 golden dragon simulacra (IceCv)
  3 meliai (D:13)
  4 tengu conjurers
  A meliai (shapeshifter) (D:15)
  A burning bush (Lair:1)
  52 merfolk
  8 trolls
  A merfolk (shapeshifter) (Depths:4)
  2 polar bears (shapeshifter)
  15 wind drakes
  8 polar bears
  22 slime creatures
  9 snapping turtles
  18 hornets
  37 jumping spiders
  A dream sheep (shapeshifter) (Vaults:4)
  An ettin zombie (Vaults:1)
  A stone giant simulacrum (Vaults:3)
  3 blink frogs (Lair:4)
  5 dream sheep
  Sigmund (D:4)
  A yak (shapeshifter) (D:15)
  115 redbacks
  A shadow (D:10)
  A tarantella (shapeshifter) (Vaults:1)
  A redback (shapeshifter) (Depths:3)
  25 tarantellas
  A flying skull (Vaults:2)
  An elf zombie (Vaults:4)
  An ettin skeleton (Vaults:2)
  An elf skeleton (Vaults:1)
  23 water elementals
  12 air elementals
  5 wyverns
  10 wraiths
  A fire elemental (Elf:3)
  2 hogs (Shoals:3)
  16 humans (D:14)
  A steam dragon (D:7)
  2 basilisks
  27 yaks
  A hog (shapeshifter) (Vaults:5)
  A dire elephant simulacrum (IceCv)
  A golden eye (shapeshifter) (D:13)
  8 vampire mosquitoes
  A harpy simulacrum (IceCv)
  5 wargs
  3 acid dragons
  An ogre zombie (Vaults:1)
  3 floating eyes (Depths:2)
  10 water moccasins
  A sky beast (D:7)
  32 orc warriors
  2 alligator simulacra (IceCv)
  7 black bears
  2 necrophages
  13 boggarts
  12 ogres
  22 wolves
  13 centaurs
  A phantom (D:6)
  10 bullfrogs
  2 kobold brigands
  A gnoll sergeant (D:9)
  3 scorpions
  3 earth elementals (Elf:3)
  A water moccasin skeleton (D:7)
  12 killer bees
  3 lindwurm simulacra (IceCv)
  6 electric eels
  3 howler monkeys (D:8)
  2 centaur zombies
  A hound (shapeshifter) (Depths:4)
  4 hounds
  18 orc priests
  A bullfrog skeleton (D:4)
  2 jellies
  Natasha (thrice) (D:3)
  33 orc wizards
  A howler monkey zombie (D:9)
  8 mummies (Ossuary)
  7 gnolls
  7 adders
  2 white imps
  An ufetubus (Vaults:3)
  An adder skeleton (D:4)
  A dart slug (D:1)
  106 orcs
  13 ball pythons
  3 endoplasms
  6 giant cockroaches
  10 hobgoblins
  3 jackals (D:4)
  16 kobolds
  2 quokkas
  4 bats (D:1)
  3 frilled lizards
  2 gnoll zombies (Ossuary)
  6 goblins
  A hobgoblin zombie (Ossuary)
  A kobold zombie (Ossuary)
  4 orc zombies (Ossuary)
  7 rats
  6 tentacles (Shoals:1)
2283 creatures vanquished.

Vanquished Creatures (collateral kills)
  A very ugly thing (Depths:1)
  A stone giant (Depths:1)
  A fire dragon (Depths:1)
  A deep troll earth mage (Depths:1)
  3 deep trolls (Depths:1)
  An ugly thing (Depths:1)
  A moth of wrath (Zot:4)
  A demonic crawler (Spider:4)
10 creatures vanquished.

Vanquished Creatures (others)
  A lich (Depths:2)
  A draconian knight (Zot:2)
  A fire giant (Depths:2)
  A deep troll shaman (Depths:2)
  A vampire mage (Depths:4)
  An orb spider (Spider:4)
  4 humans
  An orc wizard (Orc:2)
  2 bushes (D:9)
  34 fungi
  137 plants
  16 tentacles (Shoals:1)
200 creatures vanquished.

Grand Total: 2493 creatures vanquished

Notes
Turn   | Place    | Note
-------+----------+-------------------------------------------
     0 | D:1      | browni3141 the Barachi Monk began the quest for the Orb.
     0 | D:1      | Reached XP level 1. HP: 18/18 MP: 1/1
   172 | D:1      | Reached XP level 2. HP: 20/24 MP: 2/2
   539 | D:1      | Reached XP level 3. HP: 29/29 MP: 3/3
   662 | D:1      | Reached skill level 5 in Long Blades
   669 | D:1      | Found a faded altar of an unknown god.
   890 | D:2      | Found a basalt altar of Yredelemnul.
  1884 | D:3      | Reached skill level 1 in Armour
  1884 | D:3      | Reached XP level 4. HP: 19/36 MP: 4/4
  2311 | D:3      | Noticed Natasha
  2360 | D:3      | Killed Natasha
  2395 | D:3      | Noticed Natasha
  2409 | D:3      | Killed Natasha
  2410 | D:3      | Reached XP level 5. HP: 36/41 MP: 5/5
  2537 | D:3      | Noticed Natasha
  2551 | D:3      | Killed Natasha
  2888 | D:4      | Noticed an ogre
  2956 | D:4      | Found a transporter.
  2969 | D:4      | Found a sand-covered staircase.
  2975 | D:4      | Noticed a small abomination
  2976 | D:4      | Noticed a kobold brigand
  2980 | D:4      | Found a transporter.
  3051 | D:4      | Killed an ogre
  3052 | D:4      | Reached XP level 6. HP: 47/47 MP: 6/6
  3098 | Ossuary  | Entered an ossuary
  4439 | D:4      | Noticed a small abomination
  4443 | D:4      | Noticed MRpancake's ghost (amateur MiMo)
  4562 | D:4      | Noticed Sigmund
  4618 | D:4      | Found Ifawnid's Assorted Antiques.
  4782 | D:4      | Reached XP level 7. HP: 52/52 MP: 7/7
  5028 | D:4      | Killed Sigmund
  5029 | D:4      | Reached skill level 1 in Spellcasting
  5195 | D:5      | Entered Level 5 of the Dungeon
  5477 | D:5      | Identified the ring "Qucuff" {Wiz rElec rC+ Dex+4 Slay+2}
  5646 | D:5      | Identified the +4 quarterstaff "Grum" {spect, rC+ rCorr}
  5735 | D:5      | Reached XP level 8. HP: 44/59 MP: 10/12
  5861 | D:5      | Reached skill level 5 in Armour
  6334 | D:6      | Learned a level 2 spell: Poisonous Vapours
  6764 | D:6      | Found a sparkling altar of Nemelex Xobeh.
  6764 | D:6      | Found a white marble altar of Elyvilon.
  6794 | D:6      | Reached skill level 1 in Air Magic
  6794 | D:6      | Reached skill level 1 in Poison Magic
  7137 | D:6      | Reached XP level 9. HP: 63/67 MP: 10/15
  7214 | D:6      | Reached skill level 5 in Fighting
  7595 | D:7      | Found a staircase to the Ecumenical Temple.
  7605 | Temple   | Entered the Ecumenical Temple
  7890 | Temple   | Became a worshipper of Cheibriados the Contemplative
  7890 | Temple   | Reached * piety under Cheibriados
  7890 | Temple   | Reached ** piety under Cheibriados
  8066 | D:7      | Reached skill level 5 in Spellcasting
  8865 | D:8      | Reached skill level 1 in Invocations
  9553 | D:8      | Found an opulent altar of Gozag.
  9937 | D:8      | Found an ancient bone altar of Kikubaaqudgha.
 10421 | D:9      | Noticed a troll
 10435 | D:9      | Killed a troll
 10436 | D:9      | Reached skill level 5 in Poison Magic
 10504 | D:9      | Noticed a gargoyle
 10550 | D:10     | Entered Level 10 of the Dungeon
 10817 | D:9      | Reached XP level 10. HP: 50/74 MP: 0/17
 10818 | D:9      | Reached *** piety under Cheibriados
 10942 | D:9      | Noticed a centaur warrior
 11173 | D:10     | Learned a level 3 spell: Mephitic Cloud
 11178 | D:10     | Learned a level 4 spell: Olgreb's Toxic Radiance
 11182 | D:10     | Learned a level 3 spell: Ignite Poison
 11334 | D:10     | Reached skill level 1 in Bows
 11575 | D:10     | Reached skill level 5 in Invocations
 12438 | D:9      | Killed a centaur warrior
 12694 | D:9      | Killed a gargoyle
 13091 | D:9      | Reached **** piety under Cheibriados
 13178 | D:9      | Reached XP level 11. HP: 79/80 MP: 18/18
 13381 | D:9      | Found a staircase to the Lair.
 13397 | D:9      | Found a staircase to the Orcish Mines.
 13418 | D:9      | Reached skill level 5 in Bows
 13893 | Lair:1   | Entered Level 1 of the Lair of Beasts
 14289 | Lair:1   | Noticed a seven-headed hydra
 14937 | Lair:1   | Noticed an eight-headed hydra
 14970 | Lair:1   | Reached ***** piety under Cheibriados
 15753 | Lair:2   | Reached skill level 10 in Poison Magic
 15765 | Lair:2   | Noticed a five-headed hydra
 15773 | Lair:2   | Killed a five-headed hydra
 16132 | Lair:2   | Noticed Erica
 16138 | Lair:2   | Reached XP level 12. HP: 74/86 MP: 3/19
 16167 | Lair:2   | Killed Erica
 16484 | Lair:2   | Found a hole to the Spider Nest.
 17318 | Lair:3   | You fall into a shaft and drop 2 floors!
 17450 | Lair:5   | Noticed a six-headed hydra
 17464 | Lair:5   | Killed a three-headed hydra
 17465 | Lair:5   | Reached skill level 10 in Long Blades
 17683 | Lair:5   | Noticed a death yak
 17684 | Lair:5   | Noticed a death yak
 17684 | Lair:5   | Noticed a death yak
 17688 | Lair:5   | Noticed a death yak
 17688 | Lair:5   | Noticed a death yak
 17693 | Lair:5   | Killed a death yak
 18086 | Lair:4   | Noticed a catoblepas
 18097 | Lair:4   | Killed a catoblepas
 18692 | Lair:4   | Found a staircase to the Shoals.
 19142 | Lair:3   | Gained mutation: You can hop long distances. [Barachi
                  | growth]
 19142 | Lair:3   | Reached XP level 13. HP: 47/92 MP: 3/20
 20102 | Lair:4   | Reached skill level 10 in Invocations
 20813 | Lair:6   | Entered Level 6 of the Lair of Beasts
 20813 | Lair:6   | Noticed Nessos
 20821 | Lair:6   | Killed Nessos
 21215 | Lair:5   | Reached skill level 10 in Bows
 21927 | Lair:6   | Paralysed by a hornet for 1 turns
 22378 | Lair:6   | Found a staircase to the Slime Pits.
 22513 | Lair:6   | Reached XP level 14. HP: 72/98 MP: 10/22
 22669 | Lair:6   | Noticed Obially's ghost (journeyman GnFi)
 22672 | Lair:6   | Found a runed translucent door.
 23491 | Orc:1    | Entered Level 1 of the Orcish Mines
 23663 | Orc:1    | Reached ****** piety under Cheibriados
 23944 | Orc:1    | Found Juwnach's Jewellery Emporium.
 24235 | Orc:2    | Entered Level 2 of the Orcish Mines
 24624 | Orc:2    | Found Nuaziyc's Magic Scroll Emporium.
 24625 | Orc:2    | Found Wifiuciz's Weapon Shop.
 24818 | Orc:2    | Bought a scroll of noise for 11 gold pieces
 24818 | Orc:2    | Bought a scroll of identify for 22 gold pieces
 24818 | Orc:2    | Bought a scroll of identify for 22 gold pieces
 24818 | Orc:2    | Bought a scroll of identify for 22 gold pieces
 24818 | Orc:2    | Bought a scroll of identify for 22 gold pieces
 25047 | Orc:2    | Found a staircase to the Elven Halls.
 25139 | Orc:2    | Noticed Donald
 25144 | Orc:2    | Killed Donald
 25642 | Orc:2    | Found Taizxoh's Assorted Antiques.
 25642 | Orc:2    | Found Genutyg's Assorted Antiques.
 26189 | Orc:1    | Found Powkung's Assorted Antiques.
 26201 | Orc:1    | Found Lonwiunn's General Store.
 26461 | Orc:1    | Bought a scroll labelled QIZOTO LIEST for 27 gold pieces
 26461 | Orc:1    | Bought a scroll of fear for 94 gold pieces
 26461 | Orc:1    | Bought a potion of heal wounds for 135 gold pieces
 26461 | Orc:1    | Bought a scroll of fog for 54 gold pieces
 26461 | Orc:1    | Bought a scroll of fog for 54 gold pieces
 26461 | Orc:1    | Bought shiny ice dragon scales for 1701 gold pieces
 26566 | Elf:1    | Entered Level 1 of the Elven Halls
 27147 | D:11     | Found a gateway to a bazaar.
 27607 | D:11     | Noticed Nergalle
 27618 | D:11     | Killed Nergalle
 28259 | D:12     | Identified the ring of Liemon {Dex+6 Slay+2}
 28665 | D:12     | Reached XP level 15. HP: 93/103 MP: 20/23
 29112 | D:12     | Learned a level 5 spell: Manifold Assault
 29222 | D:13     | Reached skill level 1 in Translocations
 30547 | D:14     | Found a glowing silver altar of Zin.
 30554 | D:14     | Noticed Rupert
 30560 | D:14     | Paralysed by Rupert for 7 turns
 30589 | D:14     | Found a gate to the Vaults.
 30942 | D:14     | Found a flagged portal.
 30952 | Bailey   | Entered a bailey
 31777 | D:14     | Killed Rupert
 31950 | D:14     | Reached skill level 5 in Dodging
 32148 | D:14     | Reached skill level 5 in Translocations
 32500 | D:14     | Identified the +4 pair of gloves of Dithmenos {Slay+2
                  | Stlth+}
 32564 | D:15     | Entered Level 15 of the Dungeon
 32704 | D:15     | Found a runed translucent gate.
 32704 | D:15     | Found a runed translucent gate.
 32706 | D:15     | Found an ancient bone altar of Kikubaaqudgha.
 32706 | D:15     | Found a runed translucent gate.
 32707 | D:15     | Noticed a lich
 32707 | D:15     | Noticed a lich
 32707 | D:15     | Noticed a lich
 32707 | D:15     | Noticed a lich
 32717 | D:15     | Noticed browni3141's ghost (journeyman DgFi)
 32721 | D:15     | Reached XP level 16. HP: 113/113 MP: 25/25
 32731 | D:15     | Learned a level 8 spell: Disjunction
 32740 | D:15     | Killed a lich
 32742 | D:15     | Killed a lich
 32743 | D:15     | Killed a lich
 32748 | D:15     | Killed a lich
 32753 | D:15     | Killed browni3141's ghost
 32758 | D:15     | Got Kikubaaqudgha's Almanac of Dark Arts
 32767 | D:15     | Identified the +0 pair of gloves "Ted Kia" {-Tele Harm rF++
                  | rN+}
 32773 | D:15     | Identified the ring "Faecoc" {rPois rCorr EV+4 Int-4 Dex+9}
 32848 | D:15     | Reached XP level 17. HP: 110/119 MP: 24/26
 33785 | D:15     | Found a sparkling altar of Nemelex Xobeh.
 34467 | D:15     | Found a staircase to the Depths.
 34804 | Depths:1 | Entered Level 1 of the Depths
 35326 | Shoals:1 | Entered Level 1 of the Shoals
 35588 | Shoals:1 | Noticed a kraken
 35593 | Shoals:1 | Killed a kraken
 35683 | Shoals:1 | Found a runed translucent door.
 35683 | Shoals:1 | Noticed Josephine
 35695 | Shoals:1 | Noticed a kraken
 35702 | Shoals:1 | Killed a kraken
 35713 | Shoals:1 | Noticed a kraken
 35720 | Shoals:1 | Killed a kraken
 35721 | Shoals:1 | Reached skill level 10 in Translocations
 35976 | Shoals:1 | Noticed a kraken
 35981 | Shoals:1 | Killed a kraken
 36541 | Shoals:1 | Found a runed translucent door.
 36556 | Shoals:1 | Noticed Hadeweugop's ghost (adept DsNe)
 36867 | Shoals:1 | Reached XP level 18. HP: 127/131 MP: 28/28
 37346 | Shoals:1 | Killed Josephine
 38063 | Shoals:1 | Killed Hadeweugop's ghost
 38074 | Shoals:1 | Identified the +6 dagger "Yguucov" {vorpal, rPois rN++
                  | rCorr Dex-2}
 38817 | Shoals:2 | Noticed Nikola
 38828 | Shoals:2 | Killed Nikola
 38829 | Shoals:2 | Reached skill level 10 in Armour
 39365 | Shoals:2 | Identified Roxanne's Grimoire of Shape Shifting
 39365 | Shoals:2 | Noticed Roxanne
 39383 | Shoals:2 | Killed Roxanne
 40026 | Shoals:3 | Noticed Polyphemus
 40072 | Shoals:3 | Killed Polyphemus
 40629 | Shoals:3 | Noticed Kirke
 40637 | Shoals:3 | Killed Kirke
 40638 | Shoals:3 | Reached skill level 10 in Fighting
 40833 | Shoals:3 | Reached skill level 15 in Invocations
 41446 | Shoals:4 | Entered Level 4 of the Shoals
 41461 | Shoals:4 | Reached XP level 19. HP: 140/140 MP: 27/30
 41496 | Shoals:4 | Paralysed by an air elemental for 1 turns
 41573 | Shoals:4 | Paralysed by an air elemental for 1 turns
 41576 | Shoals:4 | Paralysed by an air elemental for 1 turns
 41880 | Shoals:4 | Paralysed by an air elemental for 1 turns
 42178 | Shoals:4 | Paralysed by an air elemental for 1 turns
 42268 | Shoals:4 | Paralysed by an air elemental for 1 turns
 42462 | Shoals:4 | Paralysed by an air elemental for 1 turns
 42467 | Shoals:4 | Paralysed by an air elemental for 1 turns
 42520 | Shoals:4 | Identified the ring of Vodka {rPois rN+ Will++ Int-2}
 42553 | Shoals:4 | Paralysed by an air elemental for 1 turns
 43208 | Shoals:4 | Got a barnacled rune of Zot
 43756 | Spider:1 | Entered Level 1 of the Spider Nest
 44769 | Spider:2 | Reached skill level 10 in Dodging
 44939 | Spider:2 | Found the +7 sceptre of Torment {pain, torment}
 45052 | Spider:2 | Noticed Jorgrun
 45064 | Spider:2 | Killed Jorgrun
 45499 | Spider:2 | Identified the +5 scale mail of Hepliaklqana's Whim {rPois
                  | rC+ Slay-2}
 45639 | Spider:3 | Reached XP level 20. HP: 152/152 MP: 32/32
 45741 | Spider:3 | Reached XP level 21. HP: 87/158 MP: 1/33
 45786 | Spider:3 | Reached skill level 15 in Translocations
 46167 | Spider:3 | Noticed Mlioglotl
 46735 | Spider:2 | Killed Mlioglotl
 47360 | Spider:4 | Entered Level 4 of the Spider Nest
 49593 | Spider:4 | Got a gossamer rune of Zot
 50112 | Elf:1    | Identified 3 scrolls of acquirement
 50291 | Elf:1    | Acquired a book of Weapons
 50297 | Elf:1    | Learned a level 3 spell: Portal Projectile
 50297 | Elf:1    | Acquired 734 gold pieces
 50298 | Elf:1    | Acquired the amulet "Keplihy" {RegenMP Contam rPois Str+4
                  | Int+2}
 50380 | Elf:1    | Found Areyrhau's Jewellery Shop.
 50381 | Elf:1    | Found Wenom's Book Shoppe.
 50383 | Elf:1    | Found Zydyxy Wyet's Book Shoppe.
 51016 | Elf:1    | Found Davaschu's Armour Shoppe.
 51198 | Elf:2    | Found a frozen archway.
 51216 | IceCv    | Entered an ice cave
 51440 | IceCv    | Identified the +5 leather armour of the Lost Path {rElec
                  | rC+ Str-2 Dex+3}
 51657 | Elf:2    | Reached XP level 22. HP: 169/169 MP: 34/34
 51721 | Elf:2    | Found a runed translucent gate.
 51721 | Elf:2    | Found a runed translucent gate.
 51724 | Elf:2    | Found a runed translucent gate.
 52238 | Elf:2    | Found a shimmering blue altar of Sif Muna.
 52291 | Elf:2    | Identified the +0 acid dragon scales of Terror {rC+ Will++
                  | rCorr Dex+2}
 53172 | Elf:3    | Entered Level 3 of the Elven Halls
 55021 | Elf:3    | Identified the +3 short sword "Tituroni" {freeze, rF++
                  | Dex-3}
 55234 | Elf:3    | Identified the +9 dagger of Valour {holy, Will+}
 55265 | Elf:3    | Got the Collected Works on Creation
 55287 | Elf:3    | Identified the +2 spear "Lucvit" {drain, Dex+2}
 55294 | Elf:3    | Identified the +1 scale mail "Ceroriz" {Contam Rampage
                  | Dex+10 Slay+6}
 55599 | Elf:3    | Identified the +7 long sword "Grom" {freeze, Fragile rElec
                  | rC- rCorr}
 55860 | Vaults:1 | Entered Level 1 of the Vaults
 57059 | Vaults:1 | Reached XP level 23. HP: 91/177 MP: 36/36
 57684 | Vaults:1 | Found Ruhuygus's Book Shoppe.
 58567 | Vaults:1 | Identified the +5 chain mail "Demorab" {rPois}
 58774 | Vaults:2 | Reached skill level 5 in Air Magic
 60102 | Vaults:2 | Found a staircase to the Crypt.
 61120 | Vaults:2 | Reached skill level 10 in Spellcasting
 61141 | Vaults:2 | HP: 7/179 [vault warden (28)]
 61665 | Vaults:2 | Identified the +1 chain mail "Roush" {Rampage +Inv Int+6}
 61913 | Vaults:2 | HP: 1/179 [yaktaur/bolt (21)]
 62822 | Lair:6   | Killed Obially's ghost
 63329 | Vaults:3 | Found Soptamnummu's Armour Shoppe.
 64128 | Vaults:3 | Reached skill level 15 in Armour
 64244 | Vaults:3 | Reached XP level 24. HP: 112/187 MP: 37/37
 66857 | Vaults:5 | Entered Level 5 of the Vaults
 67389 | Vaults:5 | Reached skill level 15 in Fighting
 69372 | Vaults:5 | Noticed an ancient lich
 69635 | Vaults:5 | Killed an ancient lich
 69636 | Vaults:5 | Reached XP level 25. HP: 185/195 MP: 38/38
 69944 | Vaults:5 | Reached skill level 10 in Air Magic
 70080 | Vaults:5 | Got the Handbook of Fiery Black Arts
 70170 | Vaults:5 | Identified the +3 robe of Restlessness {rElec rPois rF-
                  | SInv}
 70428 | Vaults:5 | Got a silver rune of Zot
 70429 | Vaults:5 | Identified the ring of the Hero {rN+ Int+6}
 70430 | Vaults:5 | Identified the +8 war axe of the Elven Halls {vamp, rN+}
 70515 | Vaults:5 | Identified the +4 scythe of the Pit {elec, Str+6}
 71248 | Depths:1 | Found an iron altar of Okawaru.
 71377 | Depths:1 | Found Igyenid's Magic Scroll Boutique.
 71377 | Depths:1 | Found Afukk's Weapon Shop.
 71380 | Depths:1 | Found Sishrop's Book Boutique.
 71381 | Depths:1 | Found Doipp's Antique Armour Shop.
 71387 | Depths:1 | Bought a scroll of enchant armour for 127 gold pieces
 71387 | Depths:1 | Bought a scroll of blinking for 127 gold pieces
 71387 | Depths:1 | Bought a scroll of enchant armour for 127 gold pieces
 71387 | Depths:1 | Bought a scroll of teleportation for 51 gold pieces
 71387 | Depths:1 | Bought a scroll of magic mapping for 59 gold pieces
 71387 | Depths:1 | Bought a scroll of teleportation for 51 gold pieces
 72198 | Depths:1 | Found a gateway to Hell.
 72895 | Depths:2 | Paralysed by a floating eye for 2 turns
 73273 | Depths:2 | Paralysed by a floating eye for 4 turns
 73573 | Depths:2 | Found a one-way gate leading to the halls of Pandemonium.
 74250 | Depths:2 | Found a one-way gate to the infinite horrors of the Abyss.
 75129 | Depths:2 | Identified the +10 shortbow of Frustration {freeze, rF++
                  | rN+}
 75151 | Depths:2 | Paralysed by a floating eye for 4 turns
 75163 | Depths:2 | Paralysed by a floating eye for 2 turns
 76114 | Depths:2 | Reached XP level 26. HP: 75/204 MP: 37/39
 76528 | Depths:2 | Reached skill level 15 in Long Blades
 77339 | Depths:2 | Reached skill level 15 in Bows
 77460 | Depths:2 | Got Jeas's Papyrus of Doomed Transmigration
 77502 | Depths:2 | Identified the +4 scale mail "Apteamu" {rPois Str+6}
 79761 | Depths:4 | Entered Level 4 of the Depths
 80419 | Depths:4 | Noticed a juggernaut
 80435 | Depths:4 | Killed a juggernaut
 80642 | Depths:4 | Found a gateway to a ziggurat.
 81216 | Depths:4 | Identified the +5 demon blade of Sudden Death {drain, rF+
                  | rN+}
 81264 | Depths:4 | Got the Guide on the Congealing Oath
 81433 | Depths:4 | Found a gate to the Realm of Zot.
 81552 | Depths:4 | Reached XP level 27. HP: 66/210 MP: 28/39
 82361 | Depths:4 | Identified the +1 plate armour "Keufaopt" {rElec rC- Str+3
                  | Int+2}
 82455 | Zot:1    | Entered Level 1 of the Realm of Zot
 83220 | Zot:1    | Noticed an orb of fire
 83225 | Zot:1    | Killed an orb of fire
 88476 | Zot:4    | Identified the +7 war axe of Defence by Offence {vamp,
                  | Str+3 Int+4 Dex+4}
 89270 | Zot:4    | Reached skill level 15 in Air Magic
 89518 | Zot:4    | HP: 13/315 [tentacled monstrosity (6)]
 89518 | Zot:4    | HP: 5/315 [constriction (8)]
 89521 | Zot:4    | Killed from afar by a storm dragon

Illustrated notes

Levels and vault maps discovered:
D:1:      dpeg_arrival_pits, layout_rooms,
          hellmonk_ecumenical_altar_leap_of_faith, hex_medium
D:2:      layout_loops_corners, basic_altar, st_stairs_12
D:3:      cheibrodos_helix_gallery, layout_loops_ring,
          minmay_misc_feat_enclosed, uniq_natasha
D:4:      layout_basic, nicolae_ossuary_entry_ruins,
          gammafunk_ghost_abyssal_escape, nicolae_take_the_stairs,
          hex_intersection, st_stairs_13, uniq_sigmund
D:5:      layout_rooms
D:6:      layout_rooms, gammafunk_temple_overflow_wave
D:7:      layout_basic, minmay_temple_entry_junction_2
D:8:      layout_layer_cave, tgw_kikubaaqudgha, grunt_gozag_breadcrumbs
D:9:      kennysheep_blocky_room, layout_rooms, minmay_lair_entry_grove,
          kennysheep_generic_room_14
D:10:     layout_cave_pods
D:11:     layout_stronghold, serial_shops, bzr_entry_islet, uniq_nergalle
D:12:     layout_long_grid
D:13:     layout_roguey, feat_on_display
D:14:     layout_cave_pools, david_vaults_3, enter_bailey_2, serial_park_square3
          [serial_park_minivault_5x5_4]
D:15:     grunt_enter_depths_snipers, layout_stronghold,
          nemelex_lonely_heart_becter, gammafunk_ghost_crypt, minivault_25_ag
Temple:   dpeg_five_rooms_temple
Lair:1:   layout_regular_city, chequers_serial_rivers_large_b, evilmike_ambush
          [evilmike_ambush_outer_doors, evilmike_ambush_inner_pond]
Lair:2:   layout_gridlike, nicolae_spider_entry_orb_guardian,
          cheibrodos_lair_lostbears, uniq_erica
Lair:3:   layout_roguey, minivault_11
Lair:4:   layout_long_grid, minmay_shoals_entry_hut, st_stairs_3
Lair:5:   layout_misc_corridors, ldierk_geyser
Lair:6:   minmay_lair_end_enchanted_forest, layout_regular_city,
          minmay_slime_entry_oklob_open, hellmonk_ghost_happy_afterlife,
          uniq_nessos
Shoals:1: nicolae_shoals_lighthouse, layout_shoals, ebering_ghost_inner_flame,
          nicolae_shoals_this_corrosion, uniq_josephine
Shoals:2: layout_shoals, uniq_nikola, uniq_roxanne
Shoals:3: layout_shoals, nzn_prometheus_bound, uniq_polyphemus, uniq_kirke
Shoals:4: shoals_end_hellmonk_storm_palace [storm_palace_center_ruins,
          storm_palace_corner_grid, storm_palace_corner_grid,
          storm_palace_corner_narrow, storm_palace_corner_grid]
Spider:1: layout_spider_delve, nicolae_spider_circle_web
Spider:2: layout_spider_delve, uniq_jorgrun
Spider:3: nicolae_spider_hall_of_the_moth_king, uniq_mlioglotl
Spider:4: spider_rune_water, worms_lemuel
Orc:1:    layout_diamond_mine, serial_shops, shop, shop,
          nicolae_shop_statue_plus, nicolae_orc_rich_vein
Orc:2:    st_orc_town, layout_caves, uniq_donald
Elf:1:    elf_arrival_002, layout_gridlike, serial_shops,
          nicolae_shop_hallway_plus, hangedman_elven_crosses_minicolossus,
          minmay_shop_grove
Elf:2:    elven_hall_of_blades_hangedman_original
          [infiniplex_blade_entry_pillars], layout_gridlike, special_room
          [special_room_orc], basic_altar, portal_ice_cave_entry_ugly_swarm,
          serial_sigils_hangedman_scratch
Elf:3:    minmay_elf_hall_circle, layout_geoelf_octagon,
          nicolae_elf_glassroom_feature
Vaults:1: grunt_vaults_diagonal, hangedman_vaults_stitches,
          hangedman_vaults_capsules, nicolae_vaults_network_barrier,
          nicolae_vaults_theta, nicolae_vaults_diagonal_hallway_7, v_misc_23,
          vaults_standard_mumra_x, nicolae_vaults_mini_display_case, v_misc_18,
          layout_vaults_big_cross, serial_shops, shop
Vaults:2: minmay_crypt_entry_simple_box, vaults_room_grid, v_misc_18,
          ontoclasm_vaults_eye, vaults_mumra_minichess_inversion,
          hangedman_vaults_slice, vaults_room_corners, hangedman_vaults_cutoff,
          vaults_room_guarded_vault, ontoclasm_vaults_bender,
          vaults_dpeg_diagonal, vaults_room_grid, ontoclasm_vaults_misaligned,
          layout_vaults_maze
Vaults:3: grunt_vaults_twisty, v_rooms_3, hangedman_vaults_slice,
          vaults_room_ringed_pool, v_misc_9, serial_ice_b,
          dpeg_vaults_monster_box, layout_vaults_omnigrid, serial_shops,
          nicolae_shop_trees
Vaults:4: vaults_mumra_chevron_long, nicolae_vaults_meeting, v_alt_pattern_3,
          vaults_mumra_chevron, vaults_room_semicircle, vaults_dpeg_ring,
          layout_vaults_chaotic_city
Vaults:5
Depths:1: dpeg_oklob_gauntlet, layout_honeycomb, hangedman_decor_slide_cut,
          pf_dread_powers_of_hell, eino_small_chamber_without_monster,
          okawaru_trees_1, minmay_shoptagon, serial_bayou_shore_a,
          serial_bayou_shore_b
Depths:2: hangedman_box_tower, layout_long_grid, hangedman_abyss_or_decor_stabs,
          grunt_mini_vestibule, abyss_entry, pan_entry,
          nicolae_elevator_lobby_plus
Depths:3: minmay_octo_star, layout_basic, hell_entry, serial_co_window_serial,
          co_window_corner_a, co_window_paths_a, co_window_paths_b,
          co_window_paths_b, co_window_paths_a, co_window_corner_a,
          co_window_of_opportunity_a, co_window_corner_ca, co_window_broadway_a,
          co_window_corner_b, co_window_unsneaky_path_b, co_window_2corner,
          glass_columns_b, glass_columns_a, glass_columns_b, abyss_entry,
          hangedman_abyss_or_decor_slice
Depths:4: hangedman_pleasuredromes, pan_entry, abyss_entry, serial_shops,
          hell_entry
Zot:1:    layout_misc_corridors, hangedman_elemental_corridor,
          grunt_megastairs_2
Zot:2:    layout_basic
Zot:3:    layout_cathedral_of_symmetry
Zot:4:    kennysheep_bubbly, layout_twisted_circle, grunt_ministairs_4,
          st_small_dragon_hoard_5

Skill      XL: |  1  2  3  4  5  6  7  8  9 10 11 12 13 14 15 16 17 18 19 20 21 22 23 24 25 26 27 |
---------------+----------------------------------------------------------------------------------+-----
Long Blades    | 4 5 6 7 8 9 10 12 14 18 20 | 20.0
Armour         | 1 2 3 4 6 7 9 10 12 13 14 15 16 | 16.2
Spellcasting   | 2 4 5 6 8 10 11 12 | 12.9
Fighting       | 4 5 6 8 10 11 13 14 15 | 15.8
Air Magic      | 1 2 3 7 9 11 15 | 15.4
Poison Magic   | 1 5 8 10 11 13 14 | 14.3
Dodging        | 4 5 7 9 10 11 12 13 14 | 14.4
Invocations    | 4 6 8 9 10 11 12 14 15 16 17 18 19 | 19.7
Bows           | 4 7 8 10 11 12 13 14 17 20 | 20.0
Translocations | 8 10 12 14 16 17 18 19 20 | 20.0
Stealth        | |  1.7

Action                   |  1- 3 |  4- 6 |  7- 9 | 10-12 | 13-15 | 16-18 | 19-21 | 22-24 | 25-27 || total
-------------------------+-------+-------+-------+-------+-------+-------+-------+-------+-------++-------
Melee: Falchion          |    83 |   172 |   281 |   166 |       |       |       |       |       ||   702
       Long sword        |       |       |       |    40 |       |       |       |       |       ||    40
       Scimitar          |       |       |       |    87 |   240 |       |       |       |       ||   327
       Great sword       |       |       |       |       |    47 |   174 |   334 |   667 |   666 ||  1888
       Longbow           |       |       |       |       |       |     6 |       |       |       ||     6
 Fire: Shortbow          |       |       |       |   143 |     5 |       |       |       |       ||   148
       Longbow           |       |       |       |       |   402 |   547 |   607 |   704 |   855 ||  3115
Throw: Stone             |    21 |   105 |    15 |       |       |       |       |       |       ||   141
       Dart              |    12 |    35 |    88 |    24 |     4 |       |       |       |       ||   163
       Throwing net      |       |       |       |       |       |       |     9 |       |     1 ||    10
 Cast: Poisonous Vapours |       |       |    66 |    14 |     2 |       |     3 |     4 |       ||    89
       Olgreb's Toxic Ra |       |       |       |    38 |    56 |    38 |    86 |    75 |    31 ||   324
       Mephitic Cloud    |       |       |       |     9 |     4 |     4 |     7 |    25 |    11 ||    60
       Ignite Poison     |       |       |       |    17 |    21 |    20 |    24 |    44 |    17 ||   143
       Manifold Assault  |       |       |       |       |       |    12 |     4 |     5 |       ||    21
       Disjunction       |       |       |       |       |       |       |       |       |     5 ||     5
       Portal Projectile |       |       |       |       |       |       |       |       |     1 ||     1
Invok: Slouch            |       |       |       |     1 |     9 |     4 |       |    10 |    15 ||    39
       Step From Time    |       |       |       |       |       |       |       |       |     4 ||     4
 Abil: Hop               |     3 |     4 |    10 |    11 |    10 |     8 |     5 |    10 |    14 ||    75
Evoke: Wand              |       |       |     3 |       |     8 |     1 |     1 |     1 |       ||    14
       Condenser vane    |       |       |       |       |       |       |     2 |     1 |       ||     3
       Phantom mirror    |       |       |       |       |       |       |     1 |     1 |     1 ||     3
  Use: Scroll            |       |     2 |     4 |     5 |    12 |    14 |    14 |    15 |     6 ||    72
       Potion            |       |     1 |     1 |     3 |     2 |     6 |     3 |     6 |    13 ||    35
 Stab: Sleeping          |     4 |     2 |       |     2 |     2 |     1 |     1 |     3 |     3 ||    18
       Distracted        |       |       |       |     1 |     2 |       |     1 |       |     2 ||     6
       Confused          |       |       |       |     1 |       |       |       |    10 |    10 ||    21
       Invisible         |       |       |       |       |       |       |       |       |     2 ||     2
Armor: Robe              |    18 |       |       |       |       |       |       |       |       ||    18
       Ring mail         |     3 |    36 |   143 |       |       |       |       |       |       ||   182
       Leather armour    |       |       |    21 |   111 |   108 |       |       |       |       ||   240
       Ice dragon scales |       |       |       |       |   111 |   163 |   379 |   307 |   362 ||  1322
Dodge: Dodged            |    54 |    75 |   217 |   265 |   432 |   426 |  1485 |  1367 |  1244 ||  5565

Table legend: (Time is in decaauts)
 A = Elapsed time spent in this place.
 B = Non-inter-level travel time spent in this place.
 C = Inter-level travel time spent in this place.
 D = Time resting spent in this place.
 E = Time spent auto-exploring this place.
 F = Levels seen in this place.
 G = Mean time per level.
                   A        B        C        D        E       F      G
               +--------+--------+--------+--------+--------+-----+--------+
         Total | 132795 | 123921 |   8874 |  17691 |  87547 |  51 | 2603.8 |
       Dungeon |  28260 |  25933 |   2327 |   2180 |  19748 |  15 | 1884.0 |
        Temple |    390 |    283 |    107 |      0 |    271 |   1 |  390.0 |
          Lair |  16369 |  14108 |   2261 |   1239 |  11221 |   6 | 2728.2 |
        Shoals |  12356 |  11862 |    494 |    734 |   8980 |   4 | 3089.0 |
   Spider Nest |   9225 |   8519 |    706 |   1398 |   5688 |   4 | 2306.2 |
  Orcish Mines |   5258 |   4619 |    639 |    661 |   3247 |   2 | 2629.0 |
   Elven Halls |   9132 |   8349 |    783 |   1591 |   5364 |   3 | 3044.0 |
        Vaults |  21610 |  20692 |    918 |   3454 |  14395 |   5 | 4322.0 |
        Depths |  16658 |  16103 |    555 |   2647 |  11292 |   4 | 4164.5 |
           Zot |  10775 |  10695 |     80 |   2733 |   6504 |   4 | 2693.8 |
       Ossuary |   1363 |   1363 |      0 |    759 |    183 |   1 | 1363.0 |
        Bailey |    997 |    997 |      0 |    285 |    493 |   1 |  997.0 |
      Ice Cave |    396 |    396 |      0 |      8 |    156 |   1 |  396.0 |
               +--------+--------+--------+--------+--------+-----+--------+

Top non-repeatable levels by time:
Depths:2: 6042 daAuts
Vaults:4: 5609 daAuts
Shoals:1: 4739 daAuts
Vaults:2: 4723 daAuts
Vaults:1: 4664 daAuts
Depths:4: 3833 daAuts
Depths:3: 3766 daAuts
    D:15: 3683 daAuts
Vaults:5: 3481 daAuts
Spider:4: 3332 daAuts
   Elf:3: 3272 daAuts
  Lair:1: 3268 daAuts
   Elf:2: 3235 daAuts
  Lair:6: 3172 daAuts
Vaults:3: 3132 daAuts
